 Dungeon Crawl Stone Soup version 0.31-a0-182-gc5ef74bbde (webtiles) character file.

Game seed: 4910115020231502335

1916 qw the Cleaver (level 9, -9/56 HPs)
             Began as a Gargoyle Fighter on June 20, 2023.
             Killed from afar by Dowan (11 damage)
             ... with a shard of ice
             ... on level 6 of the Dungeon.
             The game lasted 00:02:02 (4563 turns).

qw the Cleaver (Gargoyle Fighter)                   Turns: 4563, Time: 00:02:02

Health: -9/56      AC: 14    Str: 29    XL:     9   Next: 16%
Magic:  9/9        EV: 10    Int: 10    God:
Gold:   127        SH:  4    Dex:  9    Spells: 8/8 levels left

rFire   . . .        Y - +0 war axe (freeze)
rCold   . . .        c - +0 buckler
rNeg    + . .        b - +0 scale mail
rPois   inf          n - +0 helmet
rElec   +            (no cloak)
rCorr   .            (no gloves)
SInv    .            (no boots)
Will    .....        h - amulet of the acrobat Stlth
                     o - +6 ring of strength
HPRegen 0.29/turn    (no ring)
MPRegen 0.11/turn

%: acrobat
@: no status effects
A: sickness immunity, AC +6, negative energy resistance 1, electricity
resistance, torment resistance 1, petrification resistance
a: no special abilities


You were on level 6 of the Dungeon.
You visited 1 branch of the dungeon, and saw 6 of its levels.

You collected 176 gold pieces.
You spent 49 gold pieces at shops.


Innate Abilities, Weirdness & Mutations

You are immune to sickness and miasma.
Your stone body is resilient. (AC +6)
You are immune to poison.
You resist negative energy. (rN+)
You are resistant to electric shocks. (rElec)
You are resistant to unholy torment.
You are immune to petrification.


   Skills:
 + Level 6.6 Fighting
 - Level 9.0 Axes
 - Level 2.0 Throwing
 - Level 3.2 Armour
 - Level 1.4 Dodging
 - Level 4.1 Shields


You had 8 spell levels left.
You didn't know any spells.
Your spell library was empty.

Inventory:

Hand Weapons
 e - a +0 flail
 Y - a +0 war axe of freezing (weapon)
Armour
 b - a +0 scale mail (worn)
 c - a +0 buckler (worn)
 k - a +0 pair of boots
 n - a +0 helmet (worn)
 s - a +0 chain mail
Jewellery
 h - an amulet of the acrobat (around neck)
 o - a +6 ring of strength (left hand)
Scrolls
 a - 2 scrolls of identify
 p - a scroll of summoning {unknown}
 r - a scroll of enchant weapon {unknown}
Potions
 d - 2 potions of might
 f - a potion of cancellation {unknown}
 g - a potion of degeneration {unknown}
 i - a potion of heal wounds {unknown}
 j - a potion of curing
 l - a potion of haste {unknown}
 m - a potion of invisibility {unknown}

Dungeon Overview and Level Annotations

Branches:
Dungeon (6/15)
 Temple: D:4-7

Altars:
Kikubaaqudgha
Sif Muna
Vehumet
Xom

Shops:
D:6 [

Annotations:
D:6 Dowan


Message History

A shadow imp comes into view.
The orc priest hits you with a +2 heavy flail!
You slash Duvessa! You freeze Duvessa.
Duvessa is severely wounded.
You hit the orc priest. You freeze the orc priest.
You hit the orc but do no damage. Duvessa barely misses you.
The orc closely misses you.
You hit Duvessa but do no damage.
Duvessa is severely wounded.
You closely miss the orc. You hit the orc priest. You freeze the orc priest.
Duvessa hits you with a +0 rapier.
The orc priest invokes the aid of Beogh against you.
Pain shoots through your body! The orc barely misses you.
You hit Duvessa but do no damage.
Duvessa is severely wounded.
You barely miss the orc. You slash the orc priest! You freeze the orc priest.
You kill the orc priest!
Duvessa hits you with a +0 rapier.
The shadow imp disappears for a moment.
The orc hits you but does no damage.
Your Shields skill increases to level 4!
You completely miss Duvessa.
Duvessa is severely wounded.
You slash the orc! You freeze the orc.
You kill the orc!
You slash the orc! You freeze the orc.
You kill the orc!
Duvessa hits you with a +0 rapier.
You slash Duvessa! You freeze Duvessa.
You kill Duvessa!
Dowan screams, "No!
Oh no!"
Dowan seems to find hidden reserves of power!
You hit the shadow imp. You slash the orc! You freeze the orc.
You kill the orc!
The shadow imp hits you. The shadow imp completely misses you.
You barely miss the shadow imp.
The shadow imp is moderately wounded.
Dowan gestures at you while chanting. The shard of ice hits you!
You die...

..# #.##.# ..+
########## #.##.. ..#
.........# #.#### ..#
........# #.# ..
.......# #(# .. .
#.....# #.# # ## ...
#.....####.##..
.....#####.[......#.....
.....e)@...............#
......5)...............+
#......................#
#.$....................+
#......................#
#......................#
#......................#
#......................#
#...#...##........#


You could see Dowan (fast, resistant) and a shadow imp.

Vanquished Creatures
  4 yaks (D:5)
  Duvessa (D:6)
  An ogre (D:5)
  A phantom (D:5)
  4 scorpions
  2 howler monkeys
  4 orc priests
  3 hounds
  3 jellies
  3 iguanas
  Jessica (D:2)
  6 orc wizards
  A sleepcap (D:6)
  Robin (D:2)
  7 adders
  An ufetubus (D:6)
  2 worms
  2 dart slugs
  21 orcs
  6 ball pythons
  A bat (D:3)
  3 endoplasms (D:3)
  3 giant cockroaches
  7 hobgoblins
  4 jackals (D:2)
  8 kobolds
  4 quokkas
  3 frilled lizards (D:1)
  15 goblins
  4 rats
126 creatures vanquished.

Notes
Turn   | Place    | Note
-------+----------+-------------------------------------------
     0 | D:1      | qw the Gargoyle Fighter began the quest for the Orb.
     0 | D:1      | Reached XP level 1. HP: 14/14 MP: 1/1
     0 | D:1      | 0 ||| qw: Version: 0.3-a-9-g12657ce
     0 | D:1      | 0 ||| qw: Game counter: 1343
     0 | D:1      | 0 ||| qw: Always use a shield: true
     0 | D:1      | 0 ||| qw: God list: Okawaru
     0 | D:1      | 0 ||| qw: Allow faded altars: false
     0 | D:1      | 0 ||| qw: Do Orc after D:15 true
     0 | D:1      | 0 ||| qw: Do second Lair branch before Depths: true
     0 | D:1      | 0 ||| qw: Lair rune preference: random
     0 | D:1      | 0 ||| qw: Plans: Normal, Zot:1-4, Slime:5, God:TSO, Crypt,
                  | Tomb, Abyss, Pan, Hells, Win
     0 | D:1      | 0 ||| PLANNING D:1-11
    49 | D:1      | HP: 3/14 [frilled lizard (2)]
    52 | D:1      | Reached skill level 2 in Axes
   175 | D:1      | 175 ||| Stepping ~*~*~tactically~*~*~ (hiding).
   232 | D:1      | Reached XP level 2. HP: 19/19 MP: 2/2
   352 | D:1      | 352 ||| Stepping ~*~*~tactically~*~*~ (hiding).
   555 | D:1      | 555 ||| Stepping ~*~*~tactically~*~*~ (hiding).
   556 | D:1      | 556 ||| Stepping ~*~*~tactically~*~*~ (hiding).
   722 | D:1      | Reached skill level 3 in Axes
   838 | D:1      | Found a shimmering altar of Xom.
   841 | D:1      | 841 ||| UPGRADING to amulet of the acrobat.
   846 | D:1      | 846 ||| READING 2 scrolls labelled NEL KUSYONA.
   847 | D:1      | 847 ||| DRINKING 2 silvery potions.
   848 | D:1      | 848 ||| DROPPING scroll of vulnerability.
   873 | D:2      | Reached skill level 1 in Throwing
   873 | D:2      | Reached XP level 3. HP: 23/23 MP: 3/3
   895 | D:2      | 895 ||| Stepping ~*~*~tactically~*~*~ (stealth).
   897 | D:2      | 897 ||| Stepping ~*~*~tactically~*~*~ (stealth).
   961 | D:2      | 961 ||| Stepping ~*~*~tactically~*~*~ (stealth).
  1028 | D:2      | Reached XP level 4. HP: 28/28 MP: 4/4
  1196 | D:2      | Noticed Jessica
  1204 | D:2      | Killed Jessica
  1205 | D:2      | Reached skill level 4 in Axes
  1284 | D:2      | 1284 ||| Stepping ~*~*~tactically~*~*~ (stealth).
  1285 | D:2      | Noticed Robin
  1286 | D:2      | 1286 ||| Stepping ~*~*~tactically~*~*~ (hiding).
  1287 | D:2      | 1287 ||| Stepping ~*~*~tactically~*~*~ (hiding).
  1290 | D:2      | 1290 ||| Stepping ~*~*~tactically~*~*~ (hiding).
  1291 | D:2      | 1291 ||| Stepping ~*~*~tactically~*~*~ (hiding).
  1296 | D:2      | 1296 ||| Stepping ~*~*~tactically~*~*~ (hiding).
  1297 | D:2      | 1297 ||| Stepping ~*~*~tactically~*~*~ (hiding).
  1311 | D:2      | HP: 7/28 [Robin/+0 spear (3)]
  1315 | D:2      | Killed Robin
  1316 | D:2      | Reached XP level 5. HP: 10/32 MP: 5/5
  1785 | D:2      | 1785 ||| UPGRADING to +0 helmet.
  1790 | D:2      | 1790 ||| UPGRADING to +6 ring of strength.
  1791 | D:2      | 1791 ||| READING 2 scrolls labelled DUULUM OSMAWN.
  1792 | D:2      | 1792 ||| READING scroll labelled XAFISM PIVVU.
  1793 | D:2      | 1793 ||| READING 2 scrolls labelled QIPTEM ZASYR.
  1794 | D:2      | 1794 ||| DROPPING scroll of amnesia.
  1795 | D:2      | 1795 ||| DROPPING scroll of fear.
  1921 | D:3      | 1921 ||| Stepping ~*~*~tactically~*~*~ (stealth).
  2535 | D:3      | 2535 ||| READING scroll labelled UFES VUACU.
  2536 | D:3      | 2536 ||| READING 2 scrolls labelled CET REACIARE.
  2641 | D:4      | Reached skill level 5 in Axes
  2641 | D:4      | Reached XP level 6. HP: 37/37 MP: 6/6
  2648 | D:4      | Reached skill level 1 in Dodging
  2793 | D:4      | 2793 ||| Stepping ~*~*~tactically~*~*~ (hiding).
  2799 | D:4      | 2799 ||| Stepping ~*~*~tactically~*~*~ (hiding).
  2849 | D:4      | 2849 ||| Stepping ~*~*~tactically~*~*~ (stealth).
  2850 | D:4      | 2850 ||| Stepping ~*~*~tactically~*~*~ (stealth).
  2853 | D:4      | 2853 ||| Stepping ~*~*~tactically~*~*~ (stealth).
  3144 | D:5      | Entered Level 5 of the Dungeon
  3164 | D:5      | Reached XP level 7. HP: 43/43 MP: 7/7
  3195 | D:5      | Noticed a yak
  3195 | D:5      | Noticed a yak
  3196 | D:5      | Noticed a yak
  3199 | D:5      | Noticed a yak
  3202 | D:5      | Killed a yak
  3203 | D:5      | Reached skill level 6 in Axes
  3203 | D:5      | Killed a yak
  3204 | D:5      | Reached skill level 7 in Axes
  3206 | D:5      | Killed a yak
  3207 | D:5      | Reached XP level 8. HP: 21/49 MP: 8/8
  3207 | D:5      | HP: 10/49 [yak (11)]
  3208 | D:5      | 3208 ||| READING scroll of teleportation.
  3214 | D:5      | HP: 8/49 [acid (1)]
  3217 | D:5      | HP: 2/49 [howler monkey (6)]
  3229 | D:5      | 3229 ||| FLEEEEING.
  3232 | D:5      | 3232 ||| FLEEEEING.
  3233 | D:5      | 3233 ||| FLEEEEING.
  3234 | D:5      | 3234 ||| STAIRDANCE
  3390 | D:5      | 3390 ||| STAIRDANCE
  3396 | D:4      | Reached skill level 8 in Axes
  3423 | D:5      | 3423 ||| Stepping ~*~*~tactically~*~*~ (stealth).
  3542 | D:5      | 3542 ||| Stepping ~*~*~tactically~*~*~ (stealth).
  3551 | D:5      | HP: 11/49 [yak (10)]
  3553 | D:5      | Killed a yak
  3554 | D:5      | Reached skill level 6 in Fighting
  3557 | D:5      | 3557 ||| FLEEEEING.
  3558 | D:5      | 3558 ||| FLEEEEING.
  3559 | D:5      | 3559 ||| FLEEEEING.
  3560 | D:5      | 3560 ||| FLEEEEING.
  3561 | D:5      | 3561 ||| FLEEEEING.
  3562 | D:5      | 3562 ||| FLEEEEING.
  3563 | D:5      | 3563 ||| FLEEEEING.
  3564 | D:5      | 3564 ||| FLEEEEING.
  3565 | D:5      | 3565 ||| FLEEEEING.
  3566 | D:5      | 3566 ||| FLEEEEING.
  3567 | D:5      | 3567 ||| FLEEEEING.
  3568 | D:5      | 3568 ||| FLEEEEING.
  3569 | D:5      | 3569 ||| FLEEEEING.
  3572 | D:5      | 3572 ||| FLEEEEING.
  3573 | D:5      | 3573 ||| FLEEEEING.
  3574 | D:5      | 3574 ||| FLEEEEING.
  3575 | D:5      | 3575 ||| FLEEEEING.
  3576 | D:5      | 3576 ||| FLEEEEING.
  3577 | D:5      | 3577 ||| FLEEEEING.
  3578 | D:5      | 3578 ||| STAIRDANCE
  3741 | D:5      | 3741 ||| Stepping ~*~*~tactically~*~*~ (stealth).
  3754 | D:5      | Found a radiant altar of Vehumet.
  3766 | D:5      | Found an ancient bone altar of Kikubaaqudgha.
  3772 | D:5      | Found a shimmering blue altar of Sif Muna.
  4187 | D:6      | Found Sypley's Armour Emporium.
  4192 | D:6      | 4192 ||| Stepping ~*~*~tactically~*~*~ (hiding).
  4193 | D:6      | 4193 ||| Stepping ~*~*~tactically~*~*~ (hiding).
  4197 | D:6      | 4197 ||| Stepping ~*~*~tactically~*~*~ (stealth).
  4205 | D:6      | 4205 ||| DRINKING 2 potions of curing.
  4205 | D:6      | 4205 ||| (to cure confusion)
  4220 | D:6      | 4220 ||| BUYING +0 pair of boots (49 gold).
  4220 | D:6      | Bought a +0 pair of boots for 49 gold pieces
  4220 | D:6      | 4220 ||| SHOPLISTING +1 plate armour of Lifelessness {-Tele
                  | Harm rCorr Stlth+} (400 gold, have 88).
  4220 | D:6      | 4220 ||| SHOPLISTING +2 cloak of preservation (236 gold,
                  | have 88).
  4220 | D:6      | 4220 ||| SHOPLISTING +2 robe of fire resistance (194 gold,
                  | have 88).
  4319 | D:6      | Reached XP level 9. HP: 55/55 MP: 9/9
  4375 | D:6      | Reached skill level 9 in Axes
  4552 | D:6      | Noticed Duvessa
  4553 | D:6      | Noticed Dowan
  4559 | D:6      | HP: 13/55 [orc priest/nerve-wracking pain (6)]
  4561 | D:6      | HP: 6/55 [Duvessa/+0 rapier (2)]
  4562 | D:6      | Killed Duvessa
  4562 | D:6      | HP: 2/55 [shadow imp (4)]
  4563 | D:6      | Killed from afar by Dowan

Levels and vault maps discovered:
D:1:      dpeg_arrival_water_altar, layout_loops_ring
D:2:      layout_basic, uniq_robin, uniq_jessica
D:3:      layout_basic
D:4:      layout_basic, hex_intersection
D:5:      layout_loops_ring, palyth_temple_overflow_mages
D:6:      layout_basic, nicolae_tso_besieged_by_evil, serial_shops,
          nicolae_shop_statue_plus, uniq_eustachio, uniq_duvessa

Skill      XL: |  1  2  3  4  5  6  7  8  9 |
---------------+----------------------------+-----
Axes           | 2 3 4 5 7 8 9 |  9.0
Throwing       | 1 2 |  2.0
Dodging        | 1 |  1.4
Fighting       | 4 5 6 |  6.6
Shields        | 4 |  4.1
Armour         | |  3.2

Action                     |  1- 3 |  4- 6 |  7- 9 || total
---------------------------+-------+-------+-------++-------
  Melee: War axe           |    54 |   141 |   127 ||   322
  Throw: Javelin           |    15 |    39 |     8 ||    62
    Use: Scroll            |     1 |     5 |     1 ||     7
         Potion            |     1 |       |     1 ||     2
 Armour: Scale mail        |    33 |    80 |    60 ||   173
  Dodge: Dodged            |    20 |    57 |    47 ||   124
  Block: Buckler           |     5 |    24 |    21 ||    50

Table legend:
 A = Non-vault XP
 B = Vault XP
 C = Vault XP percentage of total XP
 D = Non-vault monster count
 E = Vault monster count
 F = Vault count percentage of total count
                 A         B        C        D         E       F
            +---------+---------+-------+---------+---------+-------
      Total |    2339 |     399 |  14.6 |     107 |      19 |  15.1
            +---------+---------+-------+---------+---------+-------
        D:1 |      30 |       0 |   0.0 |      17 |       0 |   0.0
        D:2 |      73 |      74 |  50.3 |      18 |      13 |  41.9
        D:3 |      69 |       0 |   0.0 |      21 |       0 |   0.0
        D:4 |     405 |       0 |   0.0 |      17 |       0 |   0.0
        D:5 |    1389 |     178 |  11.4 |      14 |       5 |  26.3
        D:6 |     373 |     147 |  28.3 |      20 |       1 |   4.8
            +---------+---------+-------+---------+---------+-------
